vs WebsterBolek R1G1

Match 19203581
End
Construct Barracks
Selects Armored Battlegroup
Selects Veteran Crews
Selects Fast Deploy
1⁄4-ton 4x4 Truck
1⁄4-ton 4x4 Truck
Riflemen Squad
Engineer Squad
Infantry Support Center
Construct Motor Pool
Riflemen Squad
M8 Greyhound Armored Car
Mortar Pit
M1 Anti-tank Gun Team
Construct Medical Station
Selects Field Repairs
Selects War Machine
M8 Greyhound Armored Car
M8 Greyhound Armored Car
M24 Chaffee Light Tank
Selects Seek and Destroy
Seek and Destroy
Engineer Squad
Riflemen Squad
M1918 Browning Automatic Rifles
Riflemen Squad
M1 Anti-tank Gun Team
Selects M4A3E8 Sherman Combat Group
M4A3E8 Sherman Combat Group
WebsterBolek
SmileyHat
0
0

Comments sign in to comment!

Vengeful Ascendant [U] over 1 year ago

wp! for Webster was challenging.